 Dungeon Crawl Stone Soup version 0.20.1-1-g8b1a95d (webtiles) character file.

1250 tmwrnj the Cleaver (level 8, -1/69 HPs)
             Began as a Hill Orc Fighter on Oct 14, 2017.
             Was a Follower of Beogh.
             Slain by Prince Ribbit (11 damage)
             ... on level 5 of the Dungeon.
             The game lasted 00:12:39 (4292 turns).

tmwrnj the Cleaver (Hill Orc Fighter)               Turns: 4292, Time: 00:12:40

Health: -1/69      AC: 13    Str: 19    XL:     8   Next: 50%
Magic:  8/8        EV:  6    Int:  8    God:    Beogh [*.....]
Gold:   256        SH: 10    Dex: 12    Spells: 7/7 levels left

rFire    . . .     SeeInvis .   a - +0 war axe
rCold    . . .     Gourm    .   c - +0 shield
rNeg     . . .     Faith    .   p - +0 chain mail
rPois    .         Spirit   .   w - +0 helmet
rElec    .         Reflect  .   (no cloak)
rCorr    .         Harm     .   b - +0 pair of gloves
MR       .....                  s - +0 pair of boots
Stlth    ..........             (no amulet)
Regen    0.3/turn               (no ring)
MPRegen  0.2/turn               (no ring)

@: no status effects
A: no striking features
a: Renounce Religion


You were on level 5 of the Dungeon.
You worshipped Beogh.
Beogh was aware of your devotion.
You were not hungry.

You visited 1 branch of the dungeon, and saw 5 of its levels.

You collected 256 gold pieces.

Inventory:

Hand Weapons
 a - a +0 war axe (weapon)
Armour
 b - a +0 pair of gloves (worn)
 c - a +0 shield (worn)
 p - a +0 chain mail (worn)
 s - a +0 pair of boots (worn)
 w - a +0 helmet (worn)
Jewellery
 v - an uncursed amulet of regeneration {unknown}
 E - an uncursed ring of ice {unknown}
Wands
 y - a wand of flame (24/48)
 G - a wand of enslavement (14/24)
Scrolls
 i - 4 scrolls of enchant weapon {unknown}
 k - a scroll of noise {unknown}
 l - 2 scrolls of fog {unknown}
 m - 3 scrolls of remove curse {unknown}
 n - 2 scrolls of recharging {unknown}
 o - a scroll of enchant armour {unknown}
 q - a scroll of random uselessness {unknown}
 r - 2 scrolls of fear {unknown}
 t - 4 scrolls of identify {unknown}
 A - 2 scrolls of magic mapping {unknown}
 C - 2 scrolls of teleportation {unknown}
Potions
 d - 2 potions of might
 e - 4 potions of curing {unknown}
 h - a potion of haste {unknown}
 u - a potion of heal wounds
 x - a potion of berserk rage {unknown}
 D - a potion of degeneration {unknown}
 F - a potion of brilliance {unknown}
Comestibles
 f - 2 bread rations
 g - 2 meat rations
 j - 3 fruits
 z - 2 royal jellies


   Skills:
 + Level 5.5 Fighting
 + Level 9.1 Axes
 + Level 5.2 Armour
 + Level 1.0 Dodging
 + Level 0.3 Stealth
 + Level 6.4 Shields


You had 7 spell levels left.
You didn't know any spells.

Dungeon Overview and Level Annotations

Branches:
Dungeon (5/15)
 Temple: D:4-7

Altars:
Qazlal

Annotations:
D:2 Jessica, Sigmund
D:5 Prince Ribbit


Message History

Prince Ribbit says, "You're just another fly to me."
You block Prince Ribbit's attack.
You closely miss Prince Ribbit. Prince Ribbit hits you! x2
You closely miss Prince Ribbit. You block Prince Ribbit's attack.
You closely miss Prince Ribbit.
Prince Ribbit hits you but does no damage.
Prince Ribbit closely misses you.
You miss Prince Ribbit.
Prince Ribbit blinks!
Prince Ribbit hits you.
You closely miss Prince Ribbit. Prince Ribbit hits you! Prince Ribbit hits you.
You miss Prince Ribbit.
Prince Ribbit blinks!
Prince Ribbit blinks!
Prince Ribbit blinks!
You closely miss Prince Ribbit. You block Prince Ribbit's attack.
Prince Ribbit hits you!
You miss Prince Ribbit.
Prince Ribbit blinks!
Prince Ribbit hits you!
* * * LOW HITPOINT WARNING * * *
You block Prince Ribbit's attack. Prince Ribbit hits you!
You die...

#.###...........##.#
#..................#
#####..........#####
#.###...##.#
#######.###...##.######
#........##..<#.......
#.#####..#####.....##
#.# ##...# ##.......##
#.###....###....@....###
.<.........'...F.....'..
#.###....###........[###
#.# #..#.# ##.......##
#........# ##.....##
#####.#### ##...## #.#
##+## #.# .#


You could see Prince Ribbit.

Vanquished Creatures
  Menkaure (D:5)
  2 sky beasts (D:4)
  An ice beast (D:5)
  An ogre (D:5)
  3 centaurs
  A scorpion (D:4)
  A hound (D:4)
  4 worker ants
  Natasha (thrice) (D:4)
  7 orc wizards
  7 adders
  2 oozes
  3 dart slugs (D:2)
  2 worms
  A leopard gecko (D:3)
  10 orcs
  7 bats
  9 giant cockroaches
  11 goblins
  8 hobgoblins
  6 jackals
  10 kobolds
  A quokka (D:4)
  3 ball pythons
  5 rats
109 creatures vanquished.

Vanquished Creatures (others)
  An adder (D:3)
  An orc (D:3)
2 creatures vanquished.

Grand Total: 111 creatures vanquished

Notes
Turn   | Place    | Note
-------+----------+-------------------------------------------
     0 | D:1      | tmwrnj the Hill Orc Fighter began the quest for the Orb.
     0 | D:1      | Reached XP level 1. HP: 19/19 MP: 1/1
   116 | D:1      | Reached XP level 2. HP: 27/27 MP: 2/2
   390 | D:1      | Reached skill level 3 in Axes
   617 | D:2      | Reached XP level 3. HP: 27/33 MP: 3/3
   862 | D:2      | Reached XP level 4. HP: 38/40 MP: 4/4
   893 | D:2      | Noticed Jessica
   900 | D:2      | Noticed Sigmund
  1018 | D:2      | Reached skill level 4 in Axes
  1217 | D:3      | Found a stormy altar of Qazlal.
  1349 | D:3      | Noticed a centaur
  1357 | D:3      | Killed a centaur
  1357 | D:3      | Reached skill level 5 in Axes
  1357 | D:3      | Reached XP level 5. HP: 38/47 MP: 5/5
  1594 | D:3      | Became a worshipper of Beogh the Brigand
  1678 | D:3      | Found a faded altar of an unknown god.
  1869 | D:4      | Reached XP level 6. HP: 49/53 MP: 6/6
  1958 | D:4      | Reached skill level 5 in Shields
  1994 | D:4      | Noticed Natasha
  2006 | D:4      | Killed Natasha
  2006 | D:4      | Reached skill level 6 in Axes
  2029 | D:4      | Reached * piety under Beogh
  2355 | D:4      | Noticed Natasha
  2360 | D:4      | Killed Natasha
  2360 | D:4      | Reached XP level 7. HP: 49/60 MP: 7/7
  2459 | D:4      | Noticed Natasha
  2464 | D:4      | Killed Natasha
  2906 | D:4      | Reached skill level 1 in Dodging
  2910 | D:4      | Reached skill level 7 in Axes
  2980 | D:5      | Entered Level 5 of the Dungeon
  2981 | D:5      | Noticed Menkaure
  3239 | D:5      | Reached skill level 5 in Fighting
  3239 | D:5      | Reached skill level 8 in Axes
  3265 | D:5      | Noticed Prince Ribbit
  3306 | D:4      | Reached XP level 8. HP: 54/68 MP: 8/8
  3754 | D:5      | Killed Menkaure
  3897 | D:5      | Reached skill level 5 in Armour
  3984 | D:4      | Reached skill level 9 in Axes
  4292 | D:5      | Slain by Prince Ribbit

Skill      XL: |  1  2  3  4  5  6  7  8 |
---------------+-------------------------+-----
Fighting       | 4 5 |  5.5
Axes           | 3 5 6 8 9 |  9.1
Shields        | 4 5 6 |  6.4
Armour         | 4 5 |  5.2
Dodging        | 1 |  1.0
Stealth        | |  0.3

Action                   |  1- 3 |  4- 6 |  7- 9 || total
-------------------------+-------+-------+-------++-------
Melee: War axe           |   114 |   209 |   136 ||   459
Invok: Convert to Beogh  |       |     1 |       ||     1
  Eat: Chunk             |       |     5 |     6 ||    11
       Fruit             |       |       |     1 ||     1
Armor: Scale mail        |    28 |       |       ||    28
       Chain mail        |    25 |   161 |    90 ||   276
Dodge: Dodged            |    36 |    65 |    23 ||   124
Block: Shield            |    57 |   123 |    76 ||   256
